 Dungeon Crawl Stone Soup version 0.20-a0-681-gf83e07f (webtiles) character file.

33 KristoblXynda the Sneak (level 3, 0/16 HPs)
             Began as a Spriggan Enchanter on Feb 18, 2017.
             Slain by a worm (7 damage)
             ... on level 2 of the Dungeon.
             The game lasted 00:03:08 (1193 turns).

KristoblXynda the Sneak (Spriggan Enchanter)        Turns: 1193, Time: 00:03:09

Health: 0/16       AC:  2    Str:  5    XL:     3   Next: 12%
Magic:  4/8        EV: 18    Int: 16    God:
Gold:   80         SH:  0    Dex: 16    Spells: 5/8 levels left

rFire    . . .     SeeInvis +   a - +1 dagger
rCold    . . .     Gourm    .   b - +0 robe
rNeg     . . .     Faith    .   (shield restricted)
rPois    .         Spirit   .   (helmet restricted)
rElec    .         Reflect  .   (no cloak)
rCorr    +         Harm     .   (gloves unavailable)
MR       .....                  (boots unavailable)
Stlth    +++.......             (no amulet)
Regen    0.1/turn               j - ring of flight
MPRegen  0.2/turn               e - ring of resist corrosion

@: very quick
A: unfitting armour, see invisible, herbivore 3, speed 3, slow metabolism 2
a: Evoke Flight


You were on level 2 of the Dungeon.
You were not hungry.

You visited 1 branch of the dungeon, and saw 2 of its levels.

You collected 80 gold pieces.

Inventory:

Hand Weapons
 a - a +1 dagger (weapon)
Armour
 b - a +0 robe (worn)
Jewellery
 e - a ring of resist corrosion (left hand)
 j - a ring of flight (right hand)
Scrolls
 f - 3 scrolls of immolation {unknown}
 g - 3 scrolls of identify {unknown}
 h - 2 scrolls of remove curse {unknown}
 k - a scroll of teleportation {unknown}
Books
 c - a book of Maledictions

   Spells                             Type                      Level
   a - Corona                         Hexes                        1
   b - Ensorcelled Hibernation        Hexes/Ice                    2
   c - Confuse                        Hexes                        3
   d - Tukima's Dance                 Hexes                        3
   e - Dazzling Spray                 Conjuration/Hexes            3
Comestibles
 d - a bread ration
 i - 7 fruits


   Skills:
 - Level 1.1 Short Blades
 - Level 3.0 Dodging
 + Level 5.2 Stealth
 + Level 3.1 Spellcasting
 + Level 4.3 Hexes


You had 5 spell levels left.
You knew the following spells:

 Your Spells              Type           Power        Failure   Level  Hunger
a - Corona                Hex            ###....      3%          1    None
b - Ensorcelled Hibernat  Hex/Ice        #.....       14%         2    ##.....


Dungeon Overview and Level Annotations

Branches:
Dungeon (2/15)

Altars:


Innate Abilities, Weirdness & Mutations

You are very small and have problems with some larger weapons.
You are too small for most types of armour.
You have supernaturally acute eyesight. (SInv)
You are a herbivore.
You cover ground extremely quickly.
You need consume almost no food.


Message History

Confirm with . or Enter, or press ? or * to list all spells.
Aiming: Ensorcelled Hibernation
Press: ? - help, Shift-Dir - straight line, f/p - worm
Aim: a worm (lightly wounded, chance to defeat MR: 50%)
The worm resists with some effort.
The worm bites you.
You hit the worm.
The worm is lightly wounded.
The worm bites you but does no damage.
You hit the worm but do no damage.
The worm is lightly wounded.
You hit the worm but do no damage.
The worm is lightly wounded.
The worm bites you!
Ouch! That really hurt!
You completely miss the worm.
The worm is lightly wounded.
You hit the worm.
The worm is lightly wounded.
The worm bites you!
You die...

#............
#.###########
#.# #.. #.#
#.# #.# #.#
#.# #.# #.#
#.#
#.###.#####.#
#.....@w....#
#####.####.##
#.# # # #.#
#. # #.. #.##
### #.[< ###r
...#.g #....


You could see a worm.

Vanquished Creatures
  An adder (D:2)
  3 bats (D:1)
  2 giant cockroaches (D:1)
  4 goblins
  3 hobgoblins
  3 jackals (D:1)
  2 kobolds
  A frilled lizard (D:1)
  2 rats (D:1)
21 creatures vanquished.

Vanquished Creatures (others)
  5 toadstools (D:1)
5 creatures vanquished.

Grand Total: 26 creatures vanquished

Notes
Turn   | Place    | Note
-------+----------+-------------------------------------------
     0 | D:1      | KristoblXynda the Spriggan Enchanter began the quest for the Orb.
     0 | D:1      | Reached XP level 1. HP: 9/9 MP: 5/5
   232 | D:1      | Reached XP level 2. HP: 13/13 MP: 6/6
   269 | D:1      | Learned a level 2 spell: Ensorcelled Hibernation
   683 | D:1      | Reached skill level 5 in Stealth
   833 | D:2      | Reached XP level 3. HP: 16/16 MP: 5/8
  1193 | D:2      | Slain by a worm

Vault maps used:
D:1:      ldierk_walled_garden
D:2:      led_sif_pool, uniq_terence

Skill      XL: |  1  2 |
---------------+-------+-----
Spellcasting   | 3 |  3.1
Hexes          | 4 |  4.3
Stealth        | 5 |  5.2
Short Blades   | |  1.1
Dodging        | |  3.0

Action                   || total
-------------------------++-------
Melee: Dagger            ||    73
 Cast: Ensorcelled Hiber ||    14
 Stab: Sleeping          ||    12
       Distracted        ||     1
Armor: Robe              ||    12
Dodge: Dodged            ||    65
